 Dungeon Crawl Stone Soup version 0.29.1-2-gbd0b4ee654 (webtiles) character file.

Game seed: 14630236202027004400

491 Icepheonix32 the Covered (level 6, -6/51 HPs)
             Began as a Demigod Fighter on Nov 4, 2022.
             Mangled by an ice beast (11 damage)
             ... on level 5 of the Dungeon.
             The game lasted 00:08:33 (6095 turns).

Icepheonix32 the Covered (Demigod Fighter)          Turns: 6095, Time: 00:08:34

Health: -6/51      AC:  8    Str: 17    XL:     6   Next: 59%
Magic:  12/12      EV:  9    Int: 18    God:
Gold:   188        SH:  5    Dex: 13    Spells: 5/9 levels left

rFire   . . .      SeeInvis .   f - +2 short sword (vorpal)
rCold   . . .      Faith    .   c - +0 buckler
rNeg    . . .      Spirit   .   b - +1 scale mail
rPois   .          Reflect  .   (no helmet)
rElec   .          Harm     .   (no cloak)
rCorr   .          Rampage  .   (no gloves)
Will    .....                   (no boots)
Stlth   ..........              (no amulet)
HPRegen 0.17/turn               (no ring)
MPRegen 0.13/turn               (no ring)

@: no status effects
A: high MP 1, forlorn, divine attributes
a: no special abilities


You were on level 5 of the Dungeon.
You visited 1 branch of the dungeon, and saw 5 of its levels.
You also visited: Sewer.

You collected 188 gold pieces.

Inventory:

Hand Weapons
 a - a +0 long sword
 f - a +2 vorpal short sword (weapon)
Armour
 b - a +1 scale mail (worn)
 c - a +0 buckler (worn)
 v - a +0 chain mail of fire resistance
Jewellery
 w - a ring of see invisible
Scrolls
 e - a scroll of fear
 g - a scroll of enchant armour
 i - a scroll of butterflies
 k - a scroll of summoning {unknown}
 o - a scroll of enchant weapon {unknown}
 r - a scroll of noise {unknown}
 u - a scroll of blinking
 x - a scroll of brand weapon
Potions
 d - a potion of ambrosia {unknown}
 h - 4 potions of cancellation
 j - 3 potions of invisibility {unknown}
 l - 3 potions of degeneration {unknown}
 m - 3 potions of heal wounds {unknown}
 p - 3 potions of haste {unknown}
 q - a potion of magic {unknown}
 s - a potion of resistance
 t - a potion of brilliance {unknown}


   Skills:
 + Level 3.2 Fighting
 + Level 2.8(3.2) Short Blades
 + Level 2.2(2.9) Long Blades
 + Level 4.1 Armour
 + Level 1.1 Dodging
 + Level 0.4 Stealth
 + Level 3.5 Shields
 * Level 2.1 Spellcasting
 * Level 1.2 Summonings
 * Level 0.1 Ice Magic


You had 5 spell levels left.
You knew the following spells:

 Your Spells              Type           Power      Damage    Failure   Level
a - Summon Ice Beast      Ice/Summ       4%         N/A       99%         4

Your spell library contained the following spells:

 Spells                   Type           Power      Damage    Failure   Level
 Apportation              Tloc           2%         N/A       58%         1
 Alistair's Intoxication  Tmut/Pois      0%         N/A       100%        5
 Summon Mana Viper        Hex/Summ       4%         N/A       100%        5
 Monstrous Menagerie      Summ           3%         N/A       100%        7


Dungeon Overview and Level Annotations

Branches:
Dungeon (5/15)              Sewer (visited)
 Temple: D:4-7

Annotations:
D:4 3 runed translucent doors, nshep25's ghost, amateur DsMo


Innate Abilities, Weirdness & Mutations

You have an increased reservoir of magic. (+10% MP)
You shall have no god before yourself.
Your divine heritage dramatically boosts your attributes as you level up.


Message History

The ice beast hits you. The ice beast freezes you!
You are too injured to fight recklessly!
You are too injured to fight recklessly!
You are too injured to fight recklessly!
You barely miss the ice beast.
The ice beast is lightly wounded.
The ice beast hits you. The ice beast freezes you.
You closely miss the ice beast.
The ice beast is lightly wounded.
The ice beast hits you but does no damage.
You hit the ice beast.
The ice beast is moderately wounded.
The ice beast closely misses you.
Unknown command.
You feel better. You block the ice beast's attack.
You hit the ice beast.
The ice beast is moderately wounded.
The ice beast barely misses you.
You barely miss the ice beast.
The ice beast is moderately wounded.
The ice beast hits you. The ice beast freezes you!
You hit the ice beast.
The ice beast is heavily wounded.
The ice beast closely misses you.
You hit the ice beast.
The ice beast is severely wounded.
The ice beast closely misses you.
You hit the ice beast.
The ice beast is severely wounded.
The ice beast hits you but does no damage.
You barely miss the ice beast.
The ice beast is severely wounded.
The ice beast hits you. The ice beast freezes you!
* * * LOW HITPOINT WARNING * * *
You closely miss the ice beast.
The ice beast is severely wounded.
The ice beast hits you.
* * * LOW HITPOINT WARNING * * *
The ice beast freezes you!
You die...

##..............#
##.........####'##
####.................
#..#........#########
##.'.....##.# ....
###.....#.... ....
#........... ....
#........... ....
#@........ ....
#Y........ ....
......... ....
..........
...........
.....###...# .......
...# ..##+#.. ...


You could see an ice beast.

Vanquished Creatures
  A black bear (D:4)
  A scorpion (D:3)
  A howler monkey (D:5)
  A jelly (D:4)
  An orc priest (D:3)
  An iguana (D:4)
  5 adders
  3 gnolls (D:5)
  2 worms
  12 dart slugs
  8 orcs (D:3)
  7 endoplasms
  6 giant cockroaches
  3 goblins
  6 hobgoblins
  4 jackals (D:1)
  25 kobolds
  2 quokkas
  8 ball pythons
  9 bats
  6 frilled lizards
  5 rats
117 creatures vanquished.

Vanquished Creatures (others)
  12 fungi (D:4)
  A plant (Sewer)
13 creatures vanquished.

Grand Total: 130 creatures vanquished

Notes
Turn   | Place    | Note
-------+----------+-------------------------------------------
     0 | D:1      | Icepheonix32 the Demigod Fighter began the quest for the
                  | Orb.
     0 | D:1      | Reached XP level 1. HP: 18/18 MP: 3/3
   130 | D:1      | Reached XP level 2. HP: 2/25 MP: 4/4
   908 | D:1      | Reached skill level 3 in Armour
  1247 | D:1      | Reached XP level 3. HP: 27/31 MP: 5/5
  2175 | D:3      | Reached XP level 4. HP: 24/38 MP: 6/6
  2293 | D:3      | Reached skill level 1 in Short Blades
  2697 | D:3      | Reached skill level 1 in Spellcasting
  2697 | D:3      | Reached XP level 5. HP: 29/45 MP: 7/9
  2968 | D:3      | Learned a level 4 spell: Summon Ice Beast
  3765 | D:4      | Noticed a black bear
  3776 | D:4      | Killed a black bear
  3777 | D:4      | Reached skill level 1 in Dodging
  4072 | D:4      | Reached XP level 6. HP: 45/51 MP: 11/11
  4146 | D:4      | Found a runed translucent gate.
  4154 | D:4      | Found a runed translucent gate.
  4154 | D:4      | Found a runed translucent gate.
  4477 | D:4      | Reached skill level 1 in Summonings
  4669 | D:4      | Noticed nshep25's ghost (amateur DsMo)
  4756 | D:4      | Reached skill level 4 in Armour
  5446 | D:5      | Entered Level 5 of the Dungeon
  5502 | D:5      | Found a glowing drain.
  5516 | Sewer    | Entered a sewer
  6095 | D:5      | Mangled by an ice beast

Illustrated notes

Levels and vault maps discovered:
D:1:      sevenhm_arrival_forest_fort_small_5, layout_loops_corners,
          shapermc_ecumenical_altar_mp_vishouse
D:2:      layout_loops_cross, basic_altar
D:3:      kennysheep_slugbush, layout_basic, mainiacjoe_overflow_six_doors_small
D:4:      layout_layer_cave, dreamdust_divine_triumvirate,
          nicolae_vehumet_altar_sigil, mainiacjoe_overflow_catch_the_wave,
          gammafunk_ghost_necromancy
D:5:      layout_basic, mainiacjoe_overflow_tiny_flanked,
          overflow_temple_1_default, minmay_temple_entry_proselytizer,
          cheibrodos_sewer_entry_sluice, uniq_crazy_yiuf_cottage

Skill      XL: |  1  2  3  4  5  6 |
---------------+-------------------+-----
Shields        | 3 |  3.5
Fighting       | 3 |  3.2
Long Blades    | 2 |  2.2
Armour         | 3 4 |  4.1
Short Blades   | 1 2 |  2.8
Spellcasting   | 1 2 |  2.1
Dodging        | 1 |  1.1
Summonings     | 1 |  1.2
Stealth        | |  0.4
Ice Magic      | |  0.1

Action                   |  1- 3 |  4- 6 || total
-------------------------+-------+-------++-------
Melee: Long sword        |    45 |       ||    45
       Short sword       |    78 |   279 ||   357
  Use: Scroll            |       |    13 ||    13
       Potion            |       |     2 ||     2
Armor: Scale mail        |    71 |   127 ||   198
Dodge: Dodged            |    68 |   120 ||   188
Block: Buckler           |    33 |    58 ||    91
